 Dungeon Crawl Stone Soup version 0.19.5 (webtiles) character file.

92 dark4128 the Sneak (level 4, 0/23 HPs)
             Began as a Spriggan Assassin on Apr 26, 2017.
             Slain by a gnoll
             ... wielding a +0 spear
              (8 damage)
             ... on level 3 of the Dungeon.
             The game lasted 00:17:12 (2472 turns).

dark4128 the Sneak (Spriggan Assassin)              Turns: 2472, Time: 00:17:13

Health: 0/23       AC:  3    Str:  7    XL:     4   Next: 35%
Magic:  5/5        EV: 18    Int: 12    God:
Gold:   92         SH:  0    Dex: 18    Spells: 0 memorised, 3 levels left

rFire  . . .     SeeInvis +     q - +0 rapier
rCold  . . .     Gourm    .     c - +0 robe
rNeg   . . .     Faith    .     (shield restricted)
rPois  +         Spirit   .     (helmet restricted)
rElec  .         Reflect  .     d - +0 cloak
rCorr  .         Harm     .     (gloves unavailable)
MR     .....                    (boots unavailable)
Stlth  ++++......               (no amulet)
                                (no ring)
                                t - ring of poison resistance

@: very quick
A: unfitting armour, see invisible, herbivore 3, speed 3, slow metabolism 2
a: no special abilities


You were on level 3 of the Dungeon.
You were not hungry.

You visited 1 branch of the dungeon, and saw 3 of its levels.

You collected 92 gold pieces.

Inventory:

Hand Weapons
 a - a +2 dagger
 b - a +0 blowgun
 i - a +0 short sword
 q - a +0 rapier (weapon)
Missiles
 e - 8 poisoned needles
 f - 2 curare-tipped needles
 n - 14 arrows
Armour
 c - a +0 robe (worn)
 d - a +0 cloak (worn)
Jewellery
 t - a ring of poison resistance (left hand)
Wands
 u - a wand of flame (38/48)
Scrolls
 j - a scroll of enchant weapon {unknown}
 m - a scroll of recharging {unknown}
 o - a scroll of noise {unknown}
 p - a scroll of teleportation {unknown}
Potions
 l - 2 potions of degeneration {unknown}
 r - a potion of cancellation {unknown}
 s - a potion of heal wounds {unknown}
 v - 2 potions of curing {unknown}
 w - a potion of ambrosia {unknown}
Comestibles
 g - 2 bread rations
 h - 2 fruits
 k - a slice of pizza


   Skills:
 + Level 1.8 Fighting
 + Level 3.1 Short Blades
 + Level 2.1 Throwing
 + Level 2.6 Dodging
 + Level 7.5 Stealth


You had 3 spell levels left.
You didn't know any spells.

Dungeon Overview and Level Annotations

Branches:
Dungeon (3/15)

Altars:


Innate Abilities, Weirdness & Mutations

You are very small and have problems with some larger weapons.
You are too small for most types of armour.
You have supernaturally acute eyesight. (SInv)
You are a herbivore.
You cover ground extremely quickly.
You need consume almost no food.


Message History

You hit the gnoll but do no damage. The gnoll closely misses you.
The gnoll hits you with a spear. The gnoll completely misses you.
You barely miss the gnoll. The gnoll hits you with a spear!
The gnoll hits you from afar with a spear.
* * * LOW HITPOINT WARNING * * *
The gnoll hits you but does no damage.
You see here a bat skeleton.
You see here a hobgoblin skeleton.
There is a stone staircase leading down here.
You start resting.
You start resting.
You hear the quick rusting of a very distant drain.
You start resting.
A gnoll is nearby!
A gnoll is nearby!
The gnoll shouts!
A gnoll is nearby!
You start resting.
The gnoll hits you with a spear!
You die...

######## #......#
########...##.######
.........).....>...#
......##.#..###.##.#
..÷...##....# #.##.#
....÷.......# #.##.#
######.###÷## #g##.#
...# #.# #.@..#
#.##.# #.# ###### #
# ### #.# . #.# .#
#.# #.#


You could see a gnoll.

Vanquished Creatures
  An adder (D:2)
  3 worms
  2 dart slugs (D:1)
  2 leopard geckos (D:1)
  9 giant cockroaches
  7 hobgoblins
  5 jackals (D:1)
  8 kobolds
  A quokka (D:3)
  12 bats
  A frilled lizard (D:2)
  5 goblins
  5 rats (D:2)
61 creatures vanquished.

Vanquished Creatures (others)
  A hobgoblin (D:1)
1 creature vanquished.

Grand Total: 62 creatures vanquished

Notes
Turn   | Place    | Note
-------+----------+-------------------------------------------
     0 | D:1      | dark4128 the Spriggan Assassin began the quest for the Orb.
     0 | D:1      | Reached XP level 1. HP: 10/10 MP: 2/2
    34 | D:1      | Reached skill level 6 in Stealth
   294 | D:1      | Reached XP level 2. HP: 14/14 MP: 3/3
   859 | D:1      | Reached XP level 3. HP: 18/18 MP: 4/4
   945 | D:1      | Reached skill level 7 in Stealth
  1534 | D:2      | Reached XP level 4. HP: 21/23 MP: 5/5
  2472 | D:3      | Slain by a gnoll

Skill      XL: |  1  2  3  4 |
---------------+-------------+-----
Stealth        | 6 7 |  7.5
Dodging        | 2 |  2.6
Short Blades   | 3 |  3.1
Fighting       | |  1.8
Throwing       | |  2.1

Action                   |  1- 3 |  4- 6 || total
-------------------------+-------+-------++-------
Melee: Dagger            |   177 |    12 ||   189
       Rapier            |       |    54 ||    54
 Fire: Blowgun           |     6 |       ||     6
 Stab: Sleeping          |    14 |     5 ||    19
       Distracted        |       |     1 ||     1
Armor: Robe              |    44 |     6 ||    50
Dodge: Dodged            |   175 |    52 ||   227
